 Dungeon Crawl Stone Soup version 0.30-a0-54-g2e61a25929 (webtiles) character file.

Game seed: 5205295645670671940

135569 Pooter the Marksminotaur (level 16, -8/161 HPs)
             Began as a Minotaur Berserker on Sept 7, 2022.
             Was a High Priest of Trog.
             Mangled by a merfolk impaler
             ... wielding a +1 trident of venom
              (12 damage)
             ... on level 2 of the Shoals on Sept 8, 2022.
             The game lasted 02:56:10 (38032 turns).

Pooter the Marksminotaur (Minotaur Berserker)      Turns: 38032, Time: 02:56:10

Health: -8/161     AC: 28    Str: 29    XL:     16   Next: 64%
Magic:  15/15      EV:  9    Int:  7    God:    Trog [*****.]
Gold:   1023       SH:  5    Dex: 20    Spells: 15/15 levels left

rFire   + + +      SeeInvis .    a - +3 battleaxe (flame)
rCold   + + .      Faith    .    (shield currently unavailable)
rNeg    . . .      Spirit   .    M - +6 plate armour of Pas Romp {rF+ rC+}
rPois   .          Reflect  +    j - +1 hat
rElec   +          Harm     .    E - +1 cloak "Wadiczaiv" {Drain rF++ Dex+4 Slay+3}
rCorr   +          Rampage  .    e - +1 pair of gloves
Will    +++++                    z - +1 pair of boots "Efoggupy" {+Blink rCorr Slay+4}
Stlth   ..........               l - amulet "Lolemab" {Reflect Fly Will+ SH+5}
HPRegen 1.36/turn                R - +6 ring of strength
MPRegen 0.14/turn                S - ring of ice

@: lethally poisoned (-8 -> -15), strong-willed, flying, regenerating
A: horns 2, retaliatory headbutt, agile 1, fire resistance 1, strong-willed 1,
robust 1, electricity resistance
a: Renounce Religion, Evoke Blink, Berserk, Trog's Hand, Brothers in Arms


You were on level 2 of the Shoals.
You worshipped Trog.
Trog was extremely pleased with you.
You visited 4 branches of the dungeon, and saw 24 of its levels.
You visited 1 bazaar.
You also visited: Sewer and Ice Cave.

You collected 2462 gold pieces.
You spent 1439 gold pieces at shops.

Inventory:

Hand Weapons
 a - a +3 battleaxe of flaming (weapon)
   (You took it off a tengu warrior on level 15 of the Dungeon)
 b - a +2 arbalest of electrocution
   (You found it on level 3 of the Dungeon)
 I - the +5 scythe "Finisher" {speed, eviscerate}
   (You found it on level 7 of the Dungeon)

   Attacks with this weapon are significantly faster.
   It may eviscerate those it strikes, slaying them instantly, with a decreasing
   chance against stronger foes.
 T - a +0 antimagic battleaxe
   (Trog gifted it to you on level 12 of the Dungeon)
 W - a +2 vampiric war axe
   (You took it off an orc on level 5 of the Dungeon)
 Y - a +1 eveningstar of holy wrath
   (You took it off Louise on level 14 of the Dungeon)
Missiles
 k - 44 poisoned darts
 H - 3 throwing nets {!f}
 J - 13 boomerangs (quivered)
 Q - 286 stones
 V - a curare-tipped dart
Armour
 e - a +1 pair of gloves (worn)
   (You found it on level 1 of the Dungeon)
 j - a +1 hat (worn)
   (You found it on level 1 of the Dungeon)
 z - the +1 pair of boots "Efoggupy" (worn) {+Blink rCorr Slay+4}
   (You found it on level 1 of the Lair of Beasts)

   Slay:      It affects your accuracy & damage with ranged weapons and melee
   (+4).
   +Blink:    It lets you blink.
   rCorr:     It protects you from acid and corrosion.
 E - the +1 cloak "Wadiczaiv" (worn) {Drain rF++ Dex+4 Slay+3}
   (You found it on level 14 of the Dungeon)

   Dex:       It affects your dexterity (+4).
   Slay:      It affects your accuracy & damage with ranged weapons and melee
   (+3).
   rF:        It greatly protects you from fire.
   Drain:     It drains your maximum health when unequipped.
 M - the +6 plate armour of Pas Romp (worn) {rF+ rC+}
   (You found it on level 5 of the Lair of Beasts)

   rF:        It protects you from fire.
   rC:        It protects you from cold.
Jewellery
 l - the amulet "Lolemab" (around neck) {Reflect Fly Will+ SH+5}
   (You bought it in a shop in a bazaar)

   [amulet of reflection]

   It reflects blocked missile attacks.
   Fly:       It grants you flight.
   SH:        It affects your SH (+5).
   Will:      It increases your willpower.
 n - the ring "Gemimos" {Ice rN++ Str+4}
   (You found it in an ice cave)

   [ring of ice]

   It enhances your ice magic.
   Str:       It affects your strength (+4).
   rF:        It makes you vulnerable to fire.
   rC:        It protects you from cold.
   rN:        It greatly protects you from negative energy.
 y - a ring of willpower
   (You found it on level 5 of the Dungeon)
 C - a ring of resist corrosion
   (You found it on level 4 of the Lair of Beasts)
 F - a ring of protection from fire
   (You found it on level 12 of the Dungeon)
 G - an amulet of guardian spirit
   (You found it on level 1 of the Lair of Beasts)
 N - a ring of positive energy
   (You found it on level 9 of the Dungeon)
 R - a +6 ring of strength (left hand)
   (You bought it in a shop in a bazaar)
 S - a ring of ice (right hand)
   (You found it on level 1 of the Lair of Beasts)
 U - the ring of Ifoiteh {Fly rF+ rCorr Str+2}
   (You found it on level 3 of the Lair of Beasts)

   [ring of flight]

   Str:       It affects your strength (+2).
   rF:        It protects you from fire.
   Fly:       It grants you flight.
   rCorr:     It protects you from acid and corrosion.
Wands
 f - a wand of flame (23)
   (You took it off Pikel on level 4 of the Dungeon)
 p - a wand of quicksilver (3)
   (You found it on level 1 of the Shoals)
 q - a wand of polymorph (22)
   (You found it on level 6 of the Dungeon)
 r - a wand of mindburst (33)
   (You found it on level 6 of the Dungeon)
 u - a wand of paralysis (14)
   (You found it on level 4 of the Lair of Beasts)
 X - a wand of roots (23)
   (You found it on level 4 of the Dungeon)
Scrolls
 c - 6 scrolls of blinking
 d - 10 scrolls of vulnerability {!r}
 i - 7 scrolls of identify {@r1}
 s - a scroll of brand weapon
 t - 8 scrolls of teleportation {@r4}
 v - 3 scrolls of fear
 A - 2 scrolls of noise {!r}
 B - a scroll of immolation {!r}
 D - 2 scrolls of magic mapping
 Z - 2 scrolls of fog
Potions
 h - 4 potions of might
 m - 9 potions of heal wounds {@q2}
 o - 5 potions of flight
 w - a potion of lignification {!q}
 x - 2 potions of attraction {!q}
 K - 15 potions of ambrosia
 L - 4 potions of curing {@q1}
 O - a potion of cancellation
 P - 2 potions of mutation {!q}
Miscellaneous
 g - a tin of tremorstones (inert)
   (You found it on level 3 of the Lair of Beasts)


   Skills:
 + Level 14.7 Fighting
 + Level 17.3(19.5) Axes
 * Level 15.2(18.5) Polearms
 * Level 17.4 Ranged Weapons
 + Level 10.0 Armour
 - Level 2.1 Dodging
 + Level 10.2 Evocations


You had 15 spell levels left.
You didn't know any spells.
Your spell library was empty.

Dungeon Overview and Level Annotations

Branches:
Dungeon (15/15)            Temple (0/1) D:6            Lair (5/5) D:9
 Shoals (2/4) Lair:3       Spider (0/4) Lair:3        Slime (0/5) Lair:5
    Orc (2/2) D:12            Elf (0/3) Orc:2        Vaults (0/5) D:13
 Depths (0/4) D:15          Sewer (visited)           IceCv (visited)

Altars:
Fedhas
Makhleb
Trog
Zin
Jiyva
Lugonu

Shops:
D:13 (   Orc:2 =([*

Portals:
Abyss: Shoals:1

Annotations:
Shoals:1 1 runed translucent door


Innate Abilities, Weirdness & Mutations

You have a pair of horns on your head.
You reflexively headbutt those who attack you in melee.
You are agile. (Dex +4, Str/Int -1)
Your flesh is heat resistant. (rF+)
You are strong-willed. (Will+)
You are robust. (+10% HP)
You are resistant to electric shocks. (rElec)


Message History

You kill the merfolk!
Trog accepts your kill.
The burst of rock shards engulfs the merfolk impaler!
The burst of rock shards engulfs the merfolk!
You kill the merfolk!
Trog accepts your kill.
The burst of rock shards engulfs the merfolk!
The burst of rock shards engulfs you but does no damage.
The burst of rock shards engulfs the merfolk impaler!
The burst of rock shards engulfs the merfolk impaler.
The tin is emptied!
You hear an angry hiss.
The merfolk impaler barely misses you. You block the merfolk's attack.
The merfolk impaler hits you but does no damage.
Space warps around you.
* * * LOW HITPOINT WARNING * * *
The merfolk impaler hits you but does no damage.
You are poisoned.
The merfolk impaler hits you with a +0 trident of distortion.
* * * LOW HITPOINT WARNING * * *
Space warps horribly around you!
* * * LOW HITPOINT WARNING * * *
The merfolk impaler hits you from afar with a +1 trident of venom.
* * * LOW HITPOINT WARNING * * *
You are more poisoned.
The merfolk barely misses you.
The merfolk impaler hits you but does no damage.
Space warps around you.
* * * LOW HITPOINT WARNING * * *
You hit the merfolk impaler. You burn the merfolk impaler.
You headbutt the merfolk impaler.
You kill the merfolk impaler!
Trog accepts your kill.
You closely miss the merfolk.
You feel very sick.
The merfolk impaler hits you but does no damage.
You are more poisoned.
The merfolk hits you with a +1 vorpal spear!
* * * LOW HITPOINT WARNING * * *
* * * LOW HITPOINT WARNING * * *
You block the snapping turtle's attack. The merfolk attacks as you move away!
The merfolk hits you with a +1 vorpal spear!
* * * LOW HITPOINT WARNING * * *
* * * LOW HITPOINT WARNING * * *
You feel very sick.
The merfolk impaler hits you with a +1 trident of venom!
* * * LOW HITPOINT WARNING * * *
The merfolk impaler hits you with a +1 trident of venom!
You die...

~~≈~~~~~~.~~~.~
~~~~~~....~..~..~~~
~.~~~~...~~....~~~~~
.~~~~~~~~~~~.....~~~~
.~~~~..~~..~.....~~~~~
..~.............~~~~~~
..~...)))m....#..~~~~~
.....~...~t~.....~~~~~
....~~.@)(~~.>.).<~~~~
#..~~.m.###~......~~~~
..~~..### ###.....~~~~
.......# #.##.....~~~
........###.....~.~~~~
.............~~~~~~~~~
....~~~~~...~~~~~~~~~≈
###.~~~~~~~.~~~~~~~~≈~
~~~~~~~~~~~~~~~~≈~~


You could see a merfolk impaler, a snapping turtle and a merfolk.

Vanquished Creatures
  Jorgrun (Orc:2)
  Rupert (Orc:2)
  Kirke (D:13)
  2 azure jellies (IceCv)
  A rockslime (IceCv)
  2 orc warlords
  Louise (D:14)
  A very ugly thing (D:15)
  An ironbound preserver (D:13)
  6 quicksilver oozes (IceCv)
  Nessos (D:12)
  Snorg (Orc:2)
  Josephine (Lair:4)
  2 merfolk impalers
  The ghost of pokeman the Eclecticist, a journeyman DEHW of Vehumet (D:14)
  Erolcha (D:12)
  3 boulder beetles
  3 ogre magi
  A rakshasa (D:15)
  5 hydras
  2 centaur warriors
  16 two-headed ogres
  6 tengu warriors
  A death knight (D:14)
  7 death yaks
  2 merfolk aquamancers
  An orc high priest (Orc:2)
  A shock serpent (shapeshifter) (D:15)
  A skeletal warrior (D:6)
  A death drake (shapeshifter) (D:13)
  A sea snake (Shoals:1)
  A glowing orange brain (D:15)
  A wizard (D:12)
  2 lindwurms (Lair:5)
  A phantasmal warrior (D:14)
  Pikel (D:4)
  6 deep elf pyromancers
  An oklob plant (Lair:1)
  2 cyclopes (D:12)
  3 orange crystal statues (IceCv)
  10 orc knights
  13 ugly things
  3 orc sorcerers (Orc:2)
  11 manticores
  12 elephants (Lair:5)
  Maurice (D:13)
  A water nymph (Shoals:1)
  An apocalypse crab (Shoals:1)
  A torpor snail (Lair:5)
  3 gargoyles
  An eye of devastation (Lair:5)
  An unseen horror (D:10)
  12 black mambas
  9 cane toads
  A kobold demonologist (D:12)
  2 rime drakes (Lair:5)
  A rime drake (shapeshifter) (D:14)
  9 komodo dragons
  A tengu conjurer (D:14)
  2 efreet
  4 freezing wraiths
  A queen bee (D:11)
  A wind drake (shapeshifter) (D:14)
  A wind drake (Shoals:1)
  8 trolls
  A hornet (D:9)
  A polar bear (Lair:2)
  5 merfolk
  24 slime creatures
  13 blink frogs
  Grinder (D:5)
  4 snapping turtles
  6 dream sheep
  A spriggan (shapeshifter) (D:13)
  12 water elementals
  Sigmund (D:3)
  12 wraiths
  A vampire (D:9)
  50 yaks
  7 basilisks
  6 hogs
  4 steam dragons
  5 wyverns
  13 vampire mosquitoes
  5 wargs
  11 water moccasins
  2 acid dragons
  A floating eye (Lair:5)
  A swamp drake (D:12)
  A sky beast (D:6)
  35 orc warriors
  4 great orb of eyes simulacra (IceCv)
  4 boggarts
  2 black bears
  15 ogres
  24 wolves
  9 centaurs
  5 slime creature simulacra (IceCv)
  A lemure (D:3)
  3 kobold brigands
  12 bullfrogs
  A gnoll sergeant (D:8)
  3 scorpions
  2 glowing shapeshifter simulacra (IceCv)
  10 wights
  42 killer bees
  An electric eel (Lair:4)
  7 howler monkeys
  3 hounds
  5 gnoll boudas
  A jelly (D:6)
  19 orc priests
  Crazy Yiuf (D:7)
  24 orc wizards
  4 iguanas
  A merfolk siren (Sewer)
  3 hell rats (D:8)
  A merfolk avatar (Sewer)
  13 adders
  39 gnolls
  5 river rats
  A shadow imp (D:7)
  A white imp (D:6)
  An ufetubus (D:4)
  3 worms
  3 dart slugs
  71 orcs
  7 ball pythons
  7 endoplasms
  5 giant cockroaches
  14 goblins
  8 hobgoblins
  7 jackals
  13 kobolds
  11 quokkas
  2 bats (D:3)
  9 frilled lizards
  28 rats
  2 bushes (D:4)
  A fungus (Lair:1)
  3 plants
887 creatures vanquished.

Vanquished Creatures (others)
  A bush (Lair:3)
  47 fungi
  46 plants
94 creatures vanquished.

Grand Total: 981 creatures vanquished

Notes
Turn   | Place    | Note
-------+----------+-------------------------------------------
     0 | D:1      | Pooter the Minotaur Berserker began the quest for the Orb.
     0 | D:1      | Reached XP level 1. HP: 19/19 MP: 0/0
   159 | D:1      | Reached XP level 2. HP: 27/27 MP: 1/1
   454 | D:1      | Found a faded altar of an unknown god.
   459 | D:1      | Reached XP level 3. HP: 32/33 MP: 2/2
   656 | D:2      | Reached ** piety under Trog
   732 | D:2      | You fall into a shaft and drop 2 floors!
   777 | D:4      | Noticed a black bear
   784 | D:4      | Killed a black bear
   785 | D:4      | Reached skill level 5 in Axes
   785 | D:4      | Reached XP level 4. HP: 41/41 MP: 3/3
   885 | D:4      | Reached skill level 5 in Fighting
   885 | D:4      | Reached XP level 5. HP: 48/48 MP: 4/4
   899 | D:4      | Found a glowing drain.
   903 | Sewer    | Entered a sewer
  1214 | Sewer    | Reached *** piety under Trog
  1230 | Sewer    | Reached XP level 6. HP: 39/56 MP: 5/5
  1649 | D:3      | Noticed Sigmund
  1671 | D:3      | Killed Sigmund
  3029 | D:4      | Noticed Pikel
  3060 | D:4      | Killed Pikel
  3061 | D:4      | Reached XP level 7. HP: 64/64 MP: 6/6
  3394 | D:4      | Reached XP level 8. HP: 71/71 MP: 7/7
  3909 | D:4      | Reached **** piety under Trog
  3990 | D:5      | Entered Level 5 of the Dungeon
  4093 | D:5      | Noticed Grinder
  4098 | D:5      | Killed Grinder
  4099 | D:5      | Reached skill level 1 in Evocations
  4250 | D:5      | Reached skill level 5 in Ranged Weapons
  4856 | D:5      | Reached skill level 10 in Axes
  4869 | D:5      | Found a bloodstained altar of Trog.
  4959 | D:5      | Found a burning altar of Makhleb.
  5187 | D:6      | Found a staircase to the Ecumenical Temple.
  5210 | D:6      | Reached XP level 9. HP: 81/81 MP: 8/8
  6241 | D:7      | Noticed a skeletal warrior
  6241 | D:7      | Found the +5 scythe "Finisher" {speed, eviscerate}
  6262 | D:6      | Killed a skeletal warrior
  6691 | D:7      | Reached XP level 10. HP: 89/90 MP: 9/9
  7067 | D:7      | Found a runed translucent door.
  7070 | D:7      | Noticed Crazy Yiuf
  8462 | D:8      | Noticed a two-headed ogre
  8466 | D:8      | Killed a two-headed ogre
  8955 | D:9      | Reached skill level 5 in Evocations
  9153 | D:9      | Noticed a death yak
  9155 | D:9      | Noticed a death yak
  9155 | D:9      | Noticed a death yak
  9173 | D:8      | Killed a death yak
  9174 | D:8      | Reached XP level 11. HP: 69/99 MP: 10/10
  9377 | D:8      | Killed a death yak
  9378 | D:8      | Reached skill level 10 in Ranged Weapons
  9494 | D:8      | Killed a death yak
  9495 | D:8      | Reached skill level 10 in Fighting
  9699 | D:9      | Reached ***** piety under Trog
 10119 | D:9      | Found a staircase to the Lair.
 10588 | D:10     | Entered Level 10 of the Dungeon
 11304 | D:10     | Noticed a two-headed ogre
 11309 | D:10     | Killed a two-headed ogre
 11310 | D:10     | Reached skill level 1 in Polearms
 11659 | Lair:1   | Entered Level 1 of the Lair of Beasts
 12101 | Lair:1   | Identified the +1 pair of boots "Efoggupy" {+Blink rCorr
                  | Slay+4}
 12292 | Lair:1   | Found a blossoming altar of Fedhas.
 12303 | Lair:1   | Noticed an oklob plant
 12321 | Lair:1   | Killed an oklob plant
 12516 | Lair:1   | Reached XP level 12. HP: 94/108 MP: 11/11
 13120 | Lair:2   | Reached skill level 5 in Polearms
 13142 | Lair:2   | Noticed a boulder beetle
 13144 | Lair:2   | Noticed a death yak
 13160 | Lair:2   | Killed a death yak
 13163 | Lair:2   | Killed a boulder beetle
 13531 | Lair:2   | Upgraded the game from 0.30-a0-52-g86a8295270 to
                  | 0.30-a0-54-g2e61a25929
 14766 | Lair:3   | Identified the ring of Ifoiteh {Fly rF+ rCorr Str+2}
 15035 | Lair:3   | Found a staircase to the Shoals.
 15220 | Lair:3   | Noticed a seven-headed hydra
 15223 | Lair:3   | Killed a seven-headed hydra
 15747 | Lair:3   | Reached skill level 15 in Axes
 15798 | Lair:3   | Found a hole to the Spider Nest.
 16504 | Lair:4   | Gained mutation: Your skin changes colour to match your
                  | surroundings (Stealth+). [potion of mutation]
 16504 | Lair:4   | Gained mutation: Your flesh is cold resistant. (rC+)
                  | [potion of mutation]
 16504 | Lair:4   | Lost mutation: Your flesh is cold resistant. (rC+) [potion
                  | of mutation]
 16505 | Lair:4   | Lost mutation: Your skin changes colour to match your
                  | surroundings (Stealth+). [potion of mutation]
 16505 | Lair:4   | Gained mutation: You are agile. (Dex +4, Str/Int -1)
                  | [potion of mutation]
 16505 | Lair:4   | Gained mutation: You are weak. (Str -2) [potion of
                  | mutation]
 16505 | Lair:4   | Gained mutation: Your spells are a little harder to cast,
                  | but a little more powerful. [potion of mutation]
 16506 | Lair:4   | Lost mutation: You are weak. (Str -2) [potion of mutation]
 16506 | Lair:4   | Lost mutation: Your spells are a little harder to cast, but
                  | a little more powerful. [potion of mutation]
 16506 | Lair:4   | Gained mutation: You sometimes lose your temper in combat.
                  | [potion of mutation]
 16506 | Lair:4   | Gained mutation: You have hidden genetic potential. [potion
                  | of mutation]
 16506 | Lair:4   | Gained mutation: You are very agile. (Dex +8, Str/Int -2)
                  | [potion of mutation]
 16507 | Lair:4   | Lost mutation: You are very agile. (Dex +8, Str/Int -2)
                  | [potion of mutation]
 16507 | Lair:4   | Lost mutation: You are agile. (Dex +4, Str/Int -1) [potion
                  | of mutation]
 16507 | Lair:4   | Gained mutation: You are partially covered in iridescent
                  | scales. (AC +2) [potion of mutation]
 16507 | Lair:4   | Gained mutation: You are robust. (+10% HP) [potion of
                  | mutation]
 16508 | Lair:4   | Lost mutation: You sometimes lose your temper in combat.
                  | [potion of mutation]
 16508 | Lair:4   | Lost mutation: You are partially covered in iridescent
                  | scales. (AC +2) [potion of mutation]
 16508 | Lair:4   | Gained mutation: Your flesh is heat resistant. (rF+)
                  | [potion of mutation]
 16508 | Lair:4   | Gained mutation: You are strong-willed. (Will+) [potion of
                  | mutation]
 16743 | Lair:4   | Noticed Josephine
 16748 | Lair:4   | Killed Josephine
 16749 | Lair:4   | Reached XP level 13. HP: 101/126 MP: 9/12
 17220 | Lair:5   | Entered Level 5 of the Lair of Beasts
 17516 | Lair:5   | Found a staircase to the Slime Pits.
 17517 | Lair:5   | Found a viscous altar of Jiyva.
 17519 | Lair:5   | Paralysed by a floating eye for 2 turns
 17611 | Lair:5   | Identified the ring of the First Shrikes {Drain rF+ Str+5}
 17905 | Lair:5   | Reached skill level 5 in Armour
 18138 | Lair:5   | Gained mutation: You are agile. (Dex +4, Str/Int -1)
                  | [hidden potential]
 18629 | Lair:5   | Reached skill level 10 in Polearms
 18645 | Lair:5   | Identified the +6 plate armour of Pas Romp {rF+ rC+}
 19030 | Lair:5   | Identified the +0 pair of boots of the Everdark {rCorr
                  | Stlth+}
 19158 | Lair:5   | Reached XP level 14. HP: 116/139 MP: 9/13
 20785 | D:12     | Received a gift from Trog
 20949 | D:12     | Noticed Nessos
 21146 | D:12     | Gained mutation: You are resistant to electric shocks.
                  | (rElec) [hidden potential]
 21146 | D:12     | Lost mutation: You have hidden genetic potential. [hidden
                  | potential expressed]
 22458 | D:12     | Found a staircase to the Orcish Mines.
 22660 | Orc:1    | Entered Level 1 of the Orcish Mines
 24341 | Orc:2    | Entered Level 2 of the Orcish Mines
 24341 | Orc:2    | Found Qoixka's Antique Armour Boutique.
 24351 | Orc:2    | Reached skill level 15 in Ranged Weapons
 24384 | Orc:2    | Noticed an orc warlord
 24385 | Orc:2    | Found Baizyguc's Jewellery Shop.
 24385 | Orc:2    | Noticed an orc warlord
 24413 | Orc:2    | Found a flickering gateway to a bazaar.
 24421 | Bazaar   | Entered a bazaar
 24553 | Bazaar   | Found Ychik's Jewellery Boutique.
 24571 | Bazaar   | Found Dula's Antique Weapon Emporium.
 24589 | Bazaar   | Found Piogooqu's Antique Armour Boutique.
 24606 | Bazaar   | Found Birer's Distillery.
 24611 | Bazaar   | Bought a potion of heal wounds for 45 gold pieces
 24611 | Bazaar   | Bought a potion of heal wounds for 45 gold pieces
 24611 | Bazaar   | Bought a potion of might for 36 gold pieces
 24628 | Bazaar   | Bought the amulet "Lolemab" {Reflect Fly Will+ SH+5} for
                  | 581 gold pieces
 24641 | Bazaar   | Bought a +6 ring of strength for 468 gold pieces
 24676 | Orc:2    | Found Viuhet's Antique Weapon Shop.
 24707 | Orc:2    | Noticed Rupert
 25306 | Orc:1    | Killed an orc warlord
 25786 | Orc:2    | Killed Rupert
 25809 | Orc:2    | Noticed Jorgrun
 25818 | Orc:2    | Killed Jorgrun
 26215 | Orc:2    | Killed an orc warlord
 26326 | Orc:2    | Noticed Snorg
 26334 | Orc:2    | Killed Snorg
 27091 | Orc:2    | Found Qozxoka's General Store.
 27099 | Orc:2    | Bought a potion of mutation for 120 gold pieces
 27099 | Orc:2    | Bought a wand of paralysis (4) for 144 gold pieces
 27361 | Orc:2    | Found a staircase to the Elven Halls.
 27812 | D:12     | Reached XP level 15. HP: 149/149 MP: 14/14
 27972 | D:12     | Noticed Erolcha
 27976 | D:12     | Killed Erolcha
 28180 | D:12     | HP: 6/149 [poisoned by Nessos]
 28188 | D:12     | Killed Nessos
 28599 | D:13     | Noticed Kirke
 28630 | D:13     | Killed Kirke
 28744 | D:13     | Found Reareuv's Antique Weapon Emporium.
 28903 | D:13     | Noticed Maurice
 28921 | D:13     | Killed Maurice
 30083 | D:13     | Found a gate to the Vaults.
 30517 | D:14     | Found a runed translucent gate.
 30517 | D:14     | Found a runed translucent gate.
 30517 | D:14     | Found a runed translucent gate.
 30520 | D:14     | Noticed pokeman's ghost (journeyman DEHW)
 30786 | D:14     | Noticed Louise
 30795 | D:14     | Killed Louise
 31656 | D:14     | Killed pokeman's ghost
 31914 | D:14     | Identified the +1 cloak "Wadiczaiv" {Drain rF++ Dex+4
                  | Slay+3}
 31946 | D:15     | Entered Level 15 of the Dungeon
 32230 | D:15     | Found a frozen archway.
 32263 | IceCv    | Entered an ice cave
 32490 | IceCv    | Noticed an azure jelly
 32491 | IceCv    | Noticed an azure jelly
 33426 | IceCv    | Reached XP level 16. HP: 160/160 MP: 15/15
 33842 | IceCv    | Found a viscous altar of Jiyva.
 33860 | IceCv    | Got the ring "Gemimos" {Ice rN++ Str+4}
 33865 | IceCv    | Got the ring "Rewog" {Ice Str+2}
 34398 | D:15     | Found a staircase to the Depths.
 34398 | D:15     | Identified the +5 ring mail of Focus {rElec}
 34651 | D:15     | Reached skill level 10 in Evocations
 34723 | D:15     | Found a glowing silver altar of Zin.
 35677 | D:7      | Killed Crazy Yiuf
 36443 | Shoals:1 | Entered Level 1 of the Shoals
 36997 | Shoals:1 | Found a runed translucent door.
 37169 | Shoals:1 | Reached skill level 15 in Polearms
 37402 | Shoals:1 | Reached skill level 10 in Armour
 37754 | Shoals:1 | Found a corrupted altar of Lugonu.
 37754 | Shoals:1 | Found a one-way gate to the infinite horrors of the Abyss.
 38032 | Shoals:2 | HP: 4/161 [merfolk impaler/+1 trident of venom (16)]
 38032 | Shoals:2 | Mangled by a merfolk impaler

Illustrated notes

Levels and vault maps discovered:
D:1:      shiori_arrival_oz, layout_basic,
          hellmonk_ecumenical_altar_prayer_group, minmay_misc_feat_pillars,
          serial_park_tiny_2
D:2:      layout_loops_ring, minmay_liquid_box
D:3:      layout_rooms, serial_co_window_serial, co_window_of_opportunity_a,
          co_window_paths_a, co_window_paths_a, co_window_paths_a,
          co_window_paths_b, co_window_corner_b, co_window_corner_b,
          co_window_corner_b, co_window_of_opportunity_c, co_window_corner_cb,
          co_window_broadway_c, co_window_cross_2, co_window_sun,
          glass_columns_b, glass_columns_c, glass_columns_b, uniq_sigmund
D:4:      layout_loops_cross, gup_sewer_entry_spiral, lexackson_kobold_supper,
          uniq_pikel
D:5:      layout_basic, mainiacjoe_overflow_big_doors, uniq_grinder
D:6:      layout_basic, minmay_temple_entry_overgrown
D:7:      layout_gridville, minmay_guarded_unrand_finisher,
          uniq_crazy_yiuf_cottage
D:8:      layout_cave_pods
D:9:      layout_big_octagon, dpeg_lair_monsters, serial_column_ruins,
          column_ruins_open_tiny, column_ruins_open_small,
          column_ruins_corridor_straight, column_ruins_columns_straight,
          minmay_misc_feat_tower, due_unseen_surprise
D:10:     layout_cave_pools, chequers_mini_garden
D:11:     layout_roguey [special_room_bee]
D:12:     cheibrodos_barr_body, layout_grid_maze, erik_orc_1, uniq_nessos,
          uniq_erolcha
D:13:     layout_layer_cave, skrybe_vaults_entry_preservation, serial_shops,
          nicolae_square_shop, uniq_maurice, uniq_kirke
D:14:     layout_irregular_city, biasface_ghost_orc_armoury,
          kennysheep_cross_room, hangedman_decor_diamond_cutter, uniq_louise
D:15:     gammafunk_enter_depths_forms, layout_basic, serial_park_gazebo
          [serial_park_minivault_5x5_2], portal_ice_cave_entry_frozen_things,
          zin_academy
Lair:1:   layout_gridlike, tgw_fedhas
Lair:2:   layout_long_grid, serial_bayou_pond_c, minmay_shattered_shrine,
          lemuel_fruit_fields
Lair:3:   layout_roguey, elwin_shoals_entry_rocks, dummy_spider_entry
Lair:4:   layout_cellular_growth, minivault_23, infiniplex_staircase_pool,
          lemuel_fruit_tree, serial_bayou_shore_a, uniq_josephine
Lair:5:   hangedman_lair_in_review, layout_loops_ring, minmay_slime_entry_eyes
Shoals:1: layout_shoals, nicolae_shoals_abyss_on_the_beach
Shoals:2: layout_shoals
Orc:1:    layout_diamond_mine
Orc:2:    grunt_orc_gardens, layout_diamond_mine, grunt_orc_garden,
          grunt_orc_garden, grunt_orc_garden, grunt_orc_garden, serial_shops,
          bzr_entry_lakeside, rock_pile, uniq_snorg, uniq_rupert, uniq_jorgrun

Skill      XL: |  1  2  3  4  5  6  7  8  9 10 11 12 13 14 15 16 |
---------------+-------------------------------------------------+-----
Axes           | 4 5 6 7 8 9 10 11 13 14 15 16 17 | 17.3
Fighting       | 4 5 6 7 8 9 10 11 12 13 14 | 14.7
Ranged Weapons | 3 5 8 9 11 13 14 15 16 17 | 17.4
Evocations     | 2 3 5 6 7 8 9 10 | 10.2
Polearms       | 4 7 10 12 14 15 | 15.2
Armour         | 3 6 7 9 10 | 10.0
Dodging        | |  2.1

Action                   |  1- 3 |  4- 6 |  7- 9 | 10-12 | 13-15 | 16-18 || total
-------------------------+-------+-------+-------+-------+-------+-------++-------
Melee: Hand axe          |     7 |    38 |    22 |       |       |       ||    67
       Headbutt          |     8 |    30 |    21 |    70 |   127 |    27 ||   283
       Spear             |    56 |   197 |       |       |       |       ||   253
       Punch             |       |       |     2 |     2 |     1 |       ||     5
       Halberd           |       |       |    23 |       |       |       ||    23
       War axe           |       |       |    70 |   119 |   133 |       ||   322
       Scythe            |       |       |     5 |   297 |   372 |    70 ||   744
       Battleaxe         |       |       |       |       |    87 |    56 ||   143
       Eveningstar       |       |       |       |       |    10 |       ||    10
 Fire: Arbalest          |       |    12 |   137 |   134 |   396 |   127 ||   806
Throw: Stone             |       |     3 |       |       |       |       ||     3
       Dart              |       |       |       |     1 |    21 |       ||    22
       Boomerang         |       |       |       |       |     7 |     3 ||    10
Invok: Berserk           |     1 |     2 |     8 |    13 |     9 |       ||    33
       Trog's Hand       |       |       |     4 |    12 |    38 |     3 ||    57
       Brothers in Arms  |       |       |       |       |     1 |       ||     1
 Abil: Evoke Blink       |       |       |       |       |     2 |       ||     2
Evoke: Wand              |       |       |       |     2 |    12 |       ||    14
       Tin of tremorston |       |       |       |       |     2 |     3 ||     5
  Use: Scroll            |     4 |     2 |     5 |    20 |    16 |     1 ||    48
       Potion            |       |     1 |     5 |     6 |     6 |     1 ||    19
 Stab: Sleeping          |       |     1 |       |       |       |       ||     1
       Paralysed         |       |       |       |       |     1 |       ||     1
Armor: Animal skin       |     6 |    16 |       |       |       |       ||    22
       Scale mail        |       |    21 |    40 |       |       |       ||    61
       Chain mail        |       |       |    73 |    15 |       |       ||    88
       Plate armour      |       |       |       |   352 |   448 |    60 ||   860
Dodge: Dodged            |    28 |    74 |    86 |   216 |   257 |    41 ||   702
Block: Buckler           |     9 |    46 |       |       |       |       ||    55
       Other             |       |     2 |    46 |    84 |    81 |    18 ||   231
       Reflection        |       |       |     1 |     4 |     8 |     2 ||    15

Table legend: (Time is in decaauts)
 A = Elapsed time spent in this place.
 B = Non-inter-level travel time spent in this place.
 C = Inter-level travel time spent in this place.
 D = Time resting spent in this place.
 E = Time spent auto-exploring this place.
 F = Levels seen in this place.
 G = Mean time per level.
                   A        B        C        D        E       F      G
               +--------+--------+--------+--------+--------+-----+--------+
         Total |  38621 |  36266 |   2355 |  14027 |  16063 |  27 | 1430.4 |
       Dungeon |  21431 |  19764 |   1667 |   6667 |   9668 |  15 | 1428.7 |
          Lair |   8039 |   7676 |    363 |   2679 |   3857 |   5 | 1607.8 |
        Shoals |   1605 |   1569 |     36 |     20 |   1322 |   2 |  802.5 |
  Orcish Mines |   4937 |   4649 |    288 |   3311 |    758 |   2 | 2468.5 |
        Bazaar |    251 |    251 |      0 |    128 |      0 |   1 |  251.0 |
         Sewer |    694 |    694 |      0 |      0 |    376 |   1 |  694.0 |
      Ice Cave |   1661 |   1661 |      0 |   1220 |     82 |   1 | 1661.0 |
               +--------+--------+--------+--------+--------+-----+--------+

Top non-repeatable levels by time:
    D:12: 3124 daAuts
   Orc:1: 2492 daAuts
   Orc:2: 2445 daAuts
  Lair:5: 2061 daAuts
     D:9: 1846 daAuts
  Lair:2: 1741 daAuts
    D:11: 1737 daAuts
    D:13: 1703 daAuts
   IceCv: 1661 daAuts
    D:14: 1567 daAuts
     D:8: 1513 daAuts
     D:6: 1488 daAuts
Shoals:1: 1453 daAuts
  Lair:4: 1437 daAuts
  Lair:1: 1433 daAuts
